 Dungeon Crawl Stone Soup version 0.23.1 (webtiles) character file.

Game seed: 11296488629771078834

1096 Irenicus the Cleaver (level 8, 0/68 HPs)
             Began as a Deep Dwarf Berserker on Mar 11, 2019.
             Was an Elder of Trog.
             Slain by an orc priest
             ... wielding a +0 club
              (4 damage)
             ... on level 6 of the Dungeon.
             The game lasted 00:12:50 (1821 turns).

Irenicus the Cleaver (Deep Dwarf Berserker)         Turns: 1821, Time: 00:12:51

Health: 0/68       AC:  6    Str: 21    XL:     8   Next: 10%
Magic:  8/8        EV: 12    Int:  8    God:    Trog [****..]
Gold:   160        SH:  0    Dex: 14    Spells: 7/7 levels left

rFire    + . .     SeeInvis .   i - +0 whip (vamp) {!w}
rCold    . . .     Gourm    .   (no shield)
rNeg     . . .     Faith    .   f - +0 leather armour
rPois    .         Spirit   .   r - +1 hat
rElec    .         Reflect  .   g - +0 cloak
rCorr    .         Harm     .   k - +0 pair of gloves
MR       +....                  (no boots)
Stlth    +.........             (no amulet)
HPRegen  0.00/turn              q - ring of protection from fire {rF+, !d}
MPRegen  0.11/turn              w - ring of flight (curse) {+Fly, !d}

@: berserk cooldown, non-regenerating, slowed, very slow
A: damage resistance, heal wounds, sense surroundings 1, no regeneration
a: Heal Wounds, Berserk, Trog's Hand, Brothers in Arms, Renounce Religion, Evoke
Flight


You were on level 6 of the Dungeon.
You worshipped Trog.
Trog was greatly pleased with you.
You were not hungry.

You visited 1 branch of the dungeon, and saw 6 of its levels.

You collected 160 gold pieces.

Inventory:

Hand Weapons
 i - a +0 vampiric whip (weapon) {!w}
   (You took it off an orc on level 6 of the Dungeon)
 o - a +2 hand axe of chopping
   (You found it on level 3 of the Dungeon)
Armour
 f - a +0 leather armour (worn)
   (You found it on level 2 of the Dungeon)
 g - a +0 cloak (worn)
   (You found it on level 2 of the Dungeon)
 k - a +0 pair of gloves (worn)
   (You found it on level 3 of the Dungeon)
 r - a +1 hat (worn)
   (You found it on level 5 of the Dungeon)
Jewellery
 e - an uncursed ring of wizardry {Wiz+, !d}
   (You found it on level 2 of the Dungeon)
 j - an uncursed ring of see invisible {sInv, !d}
   (You found it on level 3 of the Dungeon)
 q - a ring of protection from fire (left hand) {rF+, !d}
   (You found it on level 3 of the Dungeon)
 w - a cursed ring of flight (right hand) {+Fly, !d}
   (You found it on level 5 of the Dungeon)
Wands
 t - a wand of disintegration (14)
   (You took it off Ijyb on level 5 of the Dungeon)
Scrolls
 b - 2 scrolls of fog {unknown}
 d - a scroll of magic mapping {unknown}
 h - 2 scrolls of amnesia {unknown}
Potions
 a - a potion of lignification {unknown}
 l - a potion of brilliance {unknown}
 m - 2 potions of degeneration {unknown}
 n - a potion of magic
 v - a potion of mutation {!q}
Comestibles
 c - 9 rations


   Skills:
 - Level 2.6 Fighting
 - Level 10.4(10.6) Axes
 + Level 2.6(6.6) Maces & Flails
 - Level 2.1 Armour
 - Level 2.1 Dodging


You had 7 spell levels left.
You didn't know any spells.
Your spell library was empty.

Dungeon Overview and Level Annotations

Branches:
Dungeon (6/15)
 Temple: D:4-7

Altars:
Dithmenos
Ru
Beogh

Annotations:
D:6 3 runed translucent doors, bmj180's ghost, novice MiFi


Innate Abilities, Weirdness & Mutations

You are resistant to damage.
You can heal yourself by infusing magical energy.
You passively map a small area around you.
You do not regenerate.


Message History

The orc priest closely misses you.
Things that are here:
a +0 club; a +0 leather armour; an orc corpse You take 2 damage, and have 33/102 hp.
You closely miss the orc wizard. The orc wizard barely misses you.
You hit the orc wizard. The orc priest hits you with a +0 club.
* * * LOW HITPOINT WARNING * * *
The orc wizard closely misses you.
You take 3 damage, and have 30/102 hp.
You barely miss the orc wizard.
You are no longer berserk.
You are exhausted.
You feel yourself slow down.
You now have 20/68 hp.
You barely miss the orc wizard.
The orc wizard hits you with a +0 dagger.
* * * LOW HITPOINT WARNING * * *
The orc priest mumbles some strange prayers to Beogh against you.
Beogh smites you!
* * * LOW HITPOINT WARNING * * *
The orc wizard barely misses you.
You take 14 damage, and have 6/68 hp.
MASSIVE DAMAGE!!
You hit the orc wizard. The orc wizard closely misses you.
The orc priest hits you with a +0 club.
The orc wizard hits you with a +0 dagger.
* * * LOW HITPOINT WARNING * * *
You take 3 damage, and have 3/68 hp.
You are confused.
You feel invigorated.
The orc wizard hits you but does no damage.
The orc priest mumbles some strange prayers to Beogh against you.
You resist with significant effort. The orc wizard misses you.
The orc priest barely misses you.
You regained 6 hp, and now have 9/68 hp.
You hit the orc wizard.
The orc wizard hits you but does no damage.
The orc priest hits you but does no damage.
The orc wizard hits you but does no damage.
You regained 5 hp, and now have 14/68 hp.
You barely miss the orc wizard. The orc wizard closely misses you.
The orc priest hits you but does no damage.
You regained 6 hp, and now have 20/68 hp.
You bump into the stone wall.
The orc wizard closely misses you. The orc wizard barely misses you.
The orc priest hits you with a +0 club. The orc wizard barely misses you.
You regained 6 hp, and now have 26/68 hp.
You bump into the stone wall.
The orc wizard points at you and mumbles some strange words.
The magic dart hits you! The orc priest closely misses you.
The orc wizard hits you with a +0 dagger.
The orc priest hits you with a +0 club.
* * * LOW HITPOINT WARNING * * *
You take 7 damage, and have 19/68 hp.
The orc wizard hits you but does no damage.
The orc priest calls down the wrath of Beogh upon you.
Beogh smites you!
* * * LOW HITPOINT WARNING * * *
Things that are here:
a +0 short sword; a +0 scale mail; an orc corpse You take 6 damage, and have 13/68 hp.
You hit the orc wizard.
You feel better.
You kill the orc wizard!
Trog accepts your kill.
Trog appreciates your killing of a magic user.
You can now call in reinforcements.
You regained 5 hp, and now have 18/68 hp.
You hit the orc priest.
You feel better.
You feel less invigorated.
You feel less confused. The orc priest hits you with a +0 club!
* * * LOW HITPOINT WARNING * * *
You barely miss the orc priest.
The orc priest hits you but does no damage.
You closely miss the orc priest. The orc priest misses you.
You hit the orc priest.
You feel better. The orc priest hits you with a +0 club!
* * * LOW HITPOINT WARNING * * *
You take 3 damage, and have 15/68 hp.
You hit the orc priest. The orc priest hits you with a +0 club.
* * * LOW HITPOINT WARNING * * *
The orc priest hits you with a +0 club.
You take 2 damage, and have 13/68 hp.
You hit the orc priest but do no damage.
The orc priest barely misses you.
You hit the orc priest but do no damage.
The orc priest closely misses you.
You hit the orc priest but do no damage.
The orc priest calls down the wrath of Beogh upon you.
You resist with significant effort.
You barely miss the orc priest. The orc priest barely misses you.
You closely miss the orc priest.
The orc priest hits you but does no damage.
You completely miss the orc priest.
The orc priest hits you but does no damage.
You closely miss the orc priest.
The orc priest calls down the wrath of Beogh upon you.
Beogh smites you!
* * * LOW HITPOINT WARNING * * *
You take 9 damage, and have 4/68 hp.
You barely miss the orc priest. The orc priest hits you with a +0 club.
You die...

## ##..+!#o..[ #...#
.###...+.#o8._ ##....#
# .##....+.#oo.. #.....
.#
..'....#.#oo..*.....#.#
.##....#.?##.. #......#
####...#..#8..*#.....#
##..#..##o #.....#
##.#.... *#o# ,* 8#####
#@#, ####.### ##)#
#..>...# #..# *
#.##.#.# ##.## ,
#.#....####..##..#
####...............#*
......%...####.###.#
####......# #.# #
####.### #.# *


You could see an orc priest.

Vanquished Creatures
  A black bear (D:6)
  An ice beast (D:6)
  A sky beast (D:5)
  A phantom (D:4)
  A centaur (D:2)
  A scorpion (D:3)
  A howler monkey (D:5)
  3 crimson imps
  A hound (D:5)
  3 orc priests
  A jelly (D:5)
  3 orc wizards
  Ijyb (D:5)
  A worker ant (D:5)
  A howler monkey skeleton (D:5)
  7 adders
  A shadow imp (D:5)
  An adder skeleton (D:5)
  4 worms
  A dart slug (D:1)
  6 leopard geckos
  13 orcs
  2 ball pythons
  4 giant cockroaches
  4 goblins
  5 hobgoblins
  3 jackals (D:3)
  3 quokkas
  10 bats
  3 frilled lizards
  7 kobolds
  A leopard gecko zombie (D:5)
  A quokka skeleton (D:5)
  2 rats
99 creatures vanquished.

Notes
Turn   | Place    | Note
-------+----------+-------------------------------------------
     0 | D:1      | Irenicus the Deep Dwarf Berserker began the quest for the
                  | Orb.
     0 | D:1      | Reached XP level 1. HP: 20/20 MP: 1/1
    88 | D:1      | Reached skill level 4 in Axes
    88 | D:1      | Reached XP level 2. HP: 24/27 MP: 2/2
   249 | D:1      | Reached ** piety under Trog
   376 | D:2      | Reached XP level 3. HP: 31/33 MP: 3/3
   378 | D:2      | Reached skill level 5 in Axes
   419 | D:2      | Noticed a centaur
   442 | D:2      | Killed a centaur
   442 | D:2      | Reached skill level 6 in Axes
   442 | D:2      | Reached XP level 4. HP: 33/40 MP: 4/4
   463 | D:2      | Reached XP level 5. HP: 25/46 MP: 5/5
   596 | D:3      | HP: 7/46 [scorpion (7)]
   601 | D:3      | HP: 6/69 [scorpion (2)]
   604 | D:3      | Reached skill level 7 in Axes
   721 | D:3      | Reached XP level 6. HP: 32/55 MP: 6/6
   785 | D:3      | Irenicus: ?? chopping
   785 | D:3      | beem: vorpal[1/3]: A weapon brand which increases weapon
                  | damage by 16.7% on average.
   936 | D:3      | You fall through a shaft for 3 floors!
   936 | D:6      | Noticed an ice beast
   940 | D:6      | Killed an ice beast
   940 | D:6      | Reached *** piety under Trog
   940 | D:6      | Reached skill level 8 in Axes
  1115 | D:6      | HP: 13/55 [leopard gecko (3)]
  1124 | D:5      | Entered Level 5 of the Dungeon
  1246 | D:4      | Found a shadowy altar of Dithmenos.
  1267 | D:4      | HP: 10/55 [phantom (3)]
  1269 | D:4      | HP: 3/55 [phantom (7)]
  1279 | D:4      | Reached skill level 9 in Axes
  1279 | D:4      | Reached XP level 7. HP: 47/61 MP: 7/7
  1505 | D:5      | Noticed Ijyb
  1515 | D:5      | Killed Ijyb
  1549 | D:5      | Reached skill level 10 in Axes
  1647 | D:5      | Found a sacrificial altar of Ru.
  1653 | D:5      | HP: 13/61 [worker ant (4)]
  1690 | D:6      | Found a runed translucent gate.
  1690 | D:6      | Found a runed translucent gate.
  1690 | D:6      | Found a runed translucent gate.
  1692 | D:6      | Noticed bmj180's ghost (novice MiFi)
  1694 | D:6      | Identified the +5 great mace "Dwarf's Doom" {freeze, rPois
                  | Int-4 Dex+3 Stlth+}
  1694 | D:6      | Identified the +11 chain mail "Amih" {rF+}
  1695 | D:6      | Found a roughly hewn altar of Beogh.
  1751 | D:6      | HP: 10/61 [orc/+0 vampiric whip (1)]
  1789 | D:6      | Reached skill level 2 in Maces & Flails
  1789 | D:6      | Reached XP level 8. HP: 37/68 MP: 8/8
  1790 | D:6      | HP: 25/102 [orc priest/divine providence (12)]
  1800 | D:6      | HP: 6/68 [orc priest/divine providence (12)]
  1807 | D:6      | HP: 13/68 [orc priest/divine providence (12)]
  1808 | D:6      | Reached **** piety under Trog
  1812 | D:6      | HP: 15/68 [orc priest/+0 club (4)]
  1820 | D:6      | HP: 4/68 [orc priest/divine providence (9)]
  1821 | D:6      | Slain by an orc priest

Skill      XL: |  1  2  3  4  5  6  7 |
---------------+----------------------+-----
Axes           | 4 6 7 9 10 | 10.4
Maces & Flails | 2 |  2.6
Fighting       | |  2.6
Armour         | |  2.1
Dodging        | |  2.1

Action                   |  1- 3 |  4- 6 |  7- 9 || total
-------------------------+-------+-------+-------++-------
Melee: Hand axe          |   108 |   121 |    61 ||   290
       Whip              |       |       |    41 ||    41
Invok: Berserk           |     2 |     5 |     2 ||     9
 Abil: Heal Wounds       |     1 |     2 |       ||     3
  Use: Potion            |     1 |       |     2 ||     3
       Scroll            |       |       |     3 ||     3
 Stab: Sleeping          |       |     1 |       ||     1
  Eat: Ration            |       |     1 |     2 ||     3
       Chunk             |       |     3 |     4 ||     7
Armor: Animal skin       |    36 |       |       ||    36
       Leather armour    |    11 |    29 |    28 ||    68
Dodge: Dodged            |    74 |    72 |    52 ||   198

Levels and vault maps discovered:
D:1:      minmay_arrival_four_circles, layout_basic
D:2:      layout_loops_ring, eat_drink_and_be_merry_uskayaw, kennysheep_potato
D:3:      layout_loops_ring, serial_glass, glass_columns_a, glass_columns_c,
          glass_columns_b, glass_columns_b
D:4:      layout_rooms, grunt_dithmenos_smoke, marbit_many_paths, temple_green,
          st_stairs_14
D:5:      layout_basic, nicolae_overflow_hidden_temple, first_ration, uniq_ijyb
D:6:      layout_loops_corners, lemuel_crystal_altar, biasface_ghost_orc_armoury

Table legend:
 A = Turns spent in this place as a percentage of turns spent in the entire game.
 B = Non-inter-level travel turns spent in this place as a percentage of non-inter-level travel turns spent in the entire game.
 C = Inter-level travel turns spent in this place as a percentage of turns spent in this place.
 D = Turns resting spent in this place as a percentage of non-inter-level travel turns spent in this place.
 E = Turns spent auto-exploring this place as a percentage of non-inter-level travel turns spent in this place.
 F = Non-inter-level travel turns spent in this place divided by the number of levels of this place that you've seen.
                   A       B       C       D       E      F
               +-------+-------+-------+-------+-------+----------------------
         Total | 100.0 | 100.0 |   0.0 |   0.0 |   0.0 | 303.5
       Dungeon | 100.0 | 100.0 |   0.0 |   0.0 |   0.0 | 303.5
               +-------+-------+-------+-------+-------+----------------------

Table legend:
 A = Kills in this place as a percentage of kills in entire the game.
 B = Kills by you in this place as a percentage of kills by you in the entire game.
 C = Kills by friends in this place as a percentage of kills by friends in the entire game.
 D = Other kills in this place as a percentage of other kills in the entire game.
 E = Experience gained in this place as a percentage of experience gained in the entire game.
 F = Experience gained in this place divided by the number of levels of this place that you have seen.
                   A       B       C       D       E      F
               +-------+-------+-------+-------+-------+----------------------
         Total | 100.0 | 100.0 |   N/A |   N/A | 100.0 | 261.2
       Dungeon | 100.0 | 100.0 |   N/A |   N/A | 100.0 | 261.2
               +-------+-------+-------+-------+-------+----------------------
